Map: Submarine LE

Players

RyuKey

  • Race: Protoss Protoss
  • League: Diamond
  • Spawn Location: 5:00

yij - Winner!

  • Race: Terran Terran
  • League: Diamond
  • Spawn Location: 11:00

VOD

Have the link to the VOD?

Description

Time

  • Played on: June 21, 2020, 10:01 a.m.
  • Length: 10:11
Show
View Real Time Build Order
Export as new Build Order

RyuKey Protoss 

Build Orders: Double Forge, Colossus Rush 

Get SALT Encoding   

  12  0:01  Probe  
  13  0:13  Probe  
  14  0:19  Pylon  
  14  0:24  Probe  
  15  0:33  Probe  
  15  0:41  Probe  
  16  0:44  Gateway  
  17  0:52  Assimilator  
  17  0:53  Probe  
  18  1:05  Probe  
  19  1:17  Probe  
  20  1:29  Probe  
  21  1:35  Pylon  
  21  1:41  Probe  
  22  1:47  Nexus  
  22  1:52  Cybernetics Core  
  22  1:57  Probe  
  23  2:05  Zealot  
  23  2:07  Assimilator  
  23  2:09  Probe  
  25  2:23  Probe  
  25  2:24  Pylon  
  25  2:28  Warp Gate  
  26  2:35  Probe  
  29  2:37  Adept  
  29  2:47  Probe  
  30  2:53  Gateway  
  30  2:55  Pylon  
  30  3:02  Robotics Facility  
  30  3:04  Probe  
  31  3:09  Stalker  
  31  3:12  Probe  
  33  3:22  Probe  
  33  3:23  Probe  
  35  3:30  Probe  
  35  3:31  Probe  
  36  3:38  Probe  
  36  3:39  Probe  
  37  3:43  Observer  
  37  3:48  Probe, Sentry  
  43  3:55  Gateway  
  43  3:56  Gateway  
  43  3:58  Gateway  
  43  4:05  Observer  
  43  4:08  Pylon  
  44  4:14  Forge x2  
  44  4:16  Probe x2  
  46  4:28  Probe  
  47  4:35  Probe  
  47  4:37  Immortal  
  50  4:40  Probe  
  50  4:41  Protoss Ground Weapons Level 1  
  50  4:44  Robotics Bay  
  51  4:48  Probe  
  51  4:49  Probe  
  51  4:51  Assimilator  
  51  4:52  Assimilator  
  53  4:56  Probe  
  53  4:58  Protoss Ground Armor Level 1  
  54  5:10  Zealot  
  54  5:11  Zealot x3  
  54  5:12  Probe x2  
  60  5:23  Probe x2  
  57  5:31  Probe x2  
  57  5:34  Colossus  
  65  5:39  Probe  
  65  5:49  Probe  
  66  5:51  Probe  
  68  5:57  Photon Cannon  
  68  5:59  Stalker  
  68  6:00  Extended Thermal Lance  
  70  6:10  Pylon  
  70  6:11  Pylon  
  70  6:20  Probe x2  
  68  6:32  Probe  
  69  6:35  Stalker x3  
  69  6:37  Probe  
  69  6:39  Colossus  
  76  6:44  Probe  
  83  7:02  Stalker  
  83  7:05  Probe  
  83  7:08  Pylon  
  86  7:09  Pylon  
  86  7:15  Twilight Council  
  86  7:17  Observer  
  86  7:26  Probe  
  86  7:28  Probe  
  88  7:31  Colossus  
  88  7:33  Twilight Council  
  94  7:38  Probe  
  94  7:40  Probe  
  96  7:45  Zealot x3  
  102  7:56  Pylon  
  102  8:14  Probe x2  
  104  8:31  Stalker x3  
  109  8:43  Observer  
  109  8:57  Templar Archives  
  109  8:58  Nexus  
  82  9:31  Zealot x4  
  80  9:52  Gateway  
  80  9:53  Gateway  
  80  9:55  Sentry  
  80  9:56  Sentry x2  
  80  9:57  Pylon  
  80  9:59  Zealot  
Show
View Real Time Build Order
Export as new Build Order

yij Terran - Winner!

Build Orders: Reaper Expand 

Get SALT Encoding   

  12  0:01  SCV  
  13  0:13  SCV  
  14  0:18  Supply Depot  
  14  0:25  SCV  
  15  0:39  SCV  
  15  0:40  Barracks  
  16  0:45  Refinery  
  16  0:51  SCV  
  17  1:03  SCV  
  18  1:15  SCV  
  19  1:31  Orbital Command  
  19  1:32  Reaper  
  20  1:53  Command Center  
  20  1:57  SCV  
  21  2:07  Marine  
  22  2:10  Supply Depot  
  22  2:19  SCV  
  23  2:23  Factory  
  23  2:27  Barracks Reactor  
  23  2:32  SCV  
  24  2:38  Bunker  
  24  2:39  Refinery  
  24  2:44  SCV  
  25  2:56  SCV  
  26  3:05  Marine x2  
  26  3:07  Orbital Command  
  26  3:08  SCV  
  29  3:14  Widow Mine  
  31  3:20  SCV  
  31  3:21  Starport  
  32  3:31  Marine  
  32  3:32  SCV, Marine  
  35  3:34  SCV  
  35  3:36  Widow Mine  
  38  3:44  SCV  
  38  3:46  SCV  
  38  3:48  Supply Depot  
  40  3:52  Marine  
  42  3:56  SCV  
  42  3:58  SCV  
  42  4:02  Medivac  
  45  4:03  Marine  
  45  4:04  Factory Tech Lab  
  45  4:09  SCV  
  47  4:11  Supply Depot, Marine  
  47  4:14  SCV  
  49  4:22  SCV  
  50  4:26  SCV  
  49  4:44  Liberator  
  49  4:45  Marine  
  52  4:51  Command Center  
  52  4:52  Marine, Siege Tank  
  56  4:54  SCV  
  59  5:00  SCV  
  59  5:04  Command Center  
  59  5:06  SCV  
  60  5:07  Marine  
  61  5:19  Marine  
  62  5:29  Supply Depot x2  
  62  5:37  Starport Tech Lab  
  62  5:40  Barracks x2  
  62  5:42  Refinery x2  
  62  5:50  SCV x2, Marine x2, Siege Tank  
  69  6:02  Engineering Bay x2  
  69  6:03  SCV x2  
  71  6:08  Starport Reactor, Marine  
  72  6:15  SCV x2  
  74  6:29  Orbital Command  
  74  6:31  Terran Infantry Weapons Level 1, Terran Infantry Armor Level 1  
  74  6:36  Marine x2  
  76  6:41  Factory Reactor  
  76  6:44  Supply Depot  
  76  6:45  Marauder  
  78  6:53  SCV, Missile Turret  
  79  6:54  Marine  
  79  6:56  Missile Turret  
  79  6:57  Missile Turret  
  79  6:58  Missile Turret  
  80  7:01  Combat Shield, Stimpack, Marauder  
  80  7:02  Marine  
  80  7:05  SCV  
  80  7:06  SCV, Marauder  
  80  7:07  Orbital Command  
  88  7:12  Marine  
  88  7:17  SCV  
  88  7:20  Marine  
  88  7:21  Medivac x2  
  88  7:22  Marine  
  94  7:27  Marine  
  94  7:29  Marine  
  96  7:36  Widow Mine x2  
  101  7:44  Supply Depot  
  101  7:46  Supply Depot  
  101  7:50  Marine  
  101  8:05  Viking x2, Marine x2  
  101  8:06  SCV x2  
  101  8:07  Marauder  
  101  8:08  Marauder  
  111  8:23  Marine x2  
  111  8:26  SCV x2  
  113  8:28  Marine  
  113  8:29  Marine  
  112  8:41  Marine x2  
  107  8:44  Viking  
  107  8:47  Marauder, Marine  
  114  8:59  Marine x2  
  116  9:04  Widow Mine  
  117  9:14  Armory  
  117  9:15  Marine  
  117  9:16  Supply Depot, Marine  
  117  9:17  Supply Depot, Marine  
  116  9:20  Marauder  
  116  9:22  Widow Mine  
  110  9:25  Widow Mine  
  110  9:31  Orbital Command  
  102  9:33  Marauder  
  102  9:34  Marine x2  
  102  9:40  Marine  
  102  9:44  Command Center  
  103  9:52  Marine x2  
  110  9:54  SCV x2  
Tags
 
Add a new tag
Caveats
  • Supply blocks, unpowered buildings, or Contaminate may cause inaccurate times.
  • Supply counts are checked every 10 seconds.